Cogmind - Beta 12 *** ADVENTURER MODE // 2023.07.02 @ 20:22:26 Player: Blade Result: Destroyed by Y-45 Defender with Beam Rifle Performance ------------- Evolutions (0) 0 Regions Visited (2) 400 Robots Destroyed (1) 5 Value Destroyed (34) 34 Prototype IDs (1) 20 Alien Tech Used (0) 0 Bonus (0) 0 TOTAL SCORE: 459 Bonus ------- None Cogmind --------- Core Integrity 0/250 Matter 194/300 Energy 43/100 System Corruption 1% Temperature Warm (102) Movement Treading (160) Location -10/Mines Parts ------- > --- POWER (1) -------- (None) > --- PROPULSION (2) --- Light Treads > --- UTILITY (2) ------ Targeting Computer Light Armor Plating > --- WEAPON (2) ------- EM Pulse Gun Light Cannon > --- INVENTORY (5) ---- (None) Peak State ------------ > --- POWER ------------ Light Ion Engine > --- PROPULSION ------- Aluminum Leg > --- UTILITY ---------- Small Storage Unit Experimental Sensor Array > --- WEAPON ----------- Medium Laser Makeshift Spear > --- INVENTORY -------- EM Pulse Gun [Rating: 17] Favorites ----------- Power Light Ion Engine Engine Light Ion Engine Propulsion Aluminum Leg Treads Light Treads Leg Aluminum Leg Utility Small Storage Unit Device Experimental Sensor Array Storage Small Storage Unit Processor Targeting Computer Protection Light Armor Plating Weapon Medium Laser Energy Gun Medium Laser Ballistic Gun Light Assault Rifle Ballistic Cannon Light Cannon Piercing Weapon Makeshift Spear Build | -11 -10 -10 ------- Run | Jun Mat Min Slots Evolved . | . . . Power . | . . . Propulsion . | . . . Utility . | . . . Weapon . | . . . Parts Attached 14 | 6 . 8 Power 1 | 1 . . Engine 1 | 1 . . Core . | . . . Reactor . | . . . Propulsion 3 | 2 . 1 Treads 1 | . . 1 Leg 2 | 2 . . Wheel . | . . . Hover . | . . . Flight . | . . . Utility 5 | 1 . 4 Device 1 | . . 1 Storage 2 | 1 . 1 Processor 1 | . . 1 Hackware . | . . . Protection 1 | . . 1 Artifact . | . . . Weapon 5 | 2 . 3 Energy Gun 2 | 1 . 1 Energy Cannon . | . . . Ballistic Gun 1 | 1 . . Ballistic Cannon 1 | . . 1 Launcher . | . . . Special Weapon . | . . . Impact Weapon . | . . . Slashing Weapon . | . . . Piercing Weapon 1 | . . 1 Special Melee Weapon . | . . . Unidentified Prototypes 1 | . . 1 Parts Lost 7 | . . 7 Power 1 | . . 1 Propulsion 2 | . . 2 Utility 1 | . . 1 Weapon 3 | . . 3 Highest Loss Streak 4 | . . 4 To Critical Strikes . | . . . Average Slot Usage (%) 81 | . 85 80 Engine 11 | . 14 10 Leg 23 | . 28 22 Device 3 | . . 4 Storage 13 | . 14 13 Energy Gun 13 | . 14 12 Ballistic Gun 11 | . 14 10 Piercing Weapon 1 | . . 1 Naked Turns . | . . . Heaviest Build 12 | 11 11 12 Greatest Support 20 | 20 20 20 Greatest Overweight (x) 3 | 1 . 3 Average Overweight (x) . | . . . Largest Inventory Capacity 8 | 8 8 8 Average Capacity 7 | 6 8 7 Most Carried 2 | 1 1 2 Average Carried 1 | . 1 1 Final Capacity 8 | 8 8 5 Final Carried 1 | 1 1 . Class Distribution -------------------- 100% | Mutant Dominant Class ---------------- Mutant | -10/Materials Mutant | -10/Mines Resources | -11 -10 -10 ----------- Run | Jun Mat Min Matter Collected 223 | 79 . 144 Remotely . | . . . Salvage Created 149 | . . 149 Parts 1 | . . 1 Haulers Intercepted . | . . . Recyclers Shooed . | . . . Parts Field Recycled . | . . . Retrieved Matter . | . . . Parts Self-Destructed . | . . . Prevented . | . . . Kills | -11 -10 -10 ------- Run | Jun Mat Min Combat Hostiles Destroyed 9 | . . 9 Melee 4 | . . 4 Guns 4 | . . 4 Cannons 1 | . . 1 Classes Destroyed 2 | . . 2 Grunt 1 | . . 1 Assembled 8 | . . 8 Best Kill Streak 4 | . . 4 Combat Bots Only 4 | . . 4 Max Kills in Single Turn 1 | . . 1 Gunslinging . | . . . Exploded . | . . . Melee 1 | . . 1 Uniques/NPCs Destroyed . | . . . Combat | -11 -10 -10 -------- Run | Jun Mat Min Damage Taken 907 | . 127 780 Core 260 | . 33 227 Absorbed by Shields . | . . . Core Remaining (%) 100 | 100 . . Volleys Fired 20 | . . 20 Largest 2 | . . 2 Hottest 75 | . . 75 Shots Fired 40 | . . 40 Gun 35 | . . 35 Cannon 5 | . . 5 Launcher . | . . . Special . | . . . Kinetic 20 | . . 20 Thermal 15 | . . 15 Explosive . | . . . Electromagnetic 5 | . . 5 Robot Hit Streak 8 | . . 8 Robot Miss Streak 1 | . . 1 Penetration Max . | . . . Secondary Targets 1 | . . 1 Max Gunslinging Chain 1 | . . 1 Shots Hit Robots 36 | . . 36 Core Hits 16 | . 1 15 Critical Kills . | . . . Critical Parts Destroyed . | . . . Critical Strikes 2 | . . 2 Corrupt 1 | . . 1 Impale 1 | . . 1 Melee Attacks 7 | . . 7 Impact . | . . . Slashing . | . . . Piercing 7 | . . 7 Sneak Attacks . | . . . Combat Hostiles . | . . . Follow-up Attacks . | . . . Damage Inflicted 528 | . 3 525 Guns 289 | . . 289 Cannons 90 | . . 90 Explosions . | . . . Melee 142 | . . 142 Ramming 7 | . 3 4 Kinetic 185 | . . 185 Thermal 161 | . . 161 Explosive . | . . . Electromagnetic 33 | . . 33 Impact . | . . . Slashing . | . . . Piercing 142 | . . 142 Highest Corruption 1 | . . 1 Average Corruption 1 | . . 1 Corruption Purged . | . . . Corruption Blocked . | . . . Effects 2 | . . 2 Message Errors 2 | . . 2 Overload Shots . | . . . Overflow Damage . | . . . Projectiles . | . . . Explosions . | . . . Melee . | . . . Knockbacks . | . . . Impact . | . . . Kinetic . | . . . Secondary . | . . . Self-Inflicted Damage . | . . . Shots . | . . . Rammed . | . . . Targets Rammed 3 | . 2 1 Kicked 3 | . 2 1 Crushed . | . . . Highest Temperature 320 | . . 320 Average Temperature 103 | . . 103 Received Heat Transfer 788 | . 90 698 Siege Activations . | . . . Robots Corrupted . | . . . Combat Hostiles . | . . . Parts Fried . | . . . Impact Corruptions . | . . . Robots Melted . | . . . Combat Hostiles . | . . . Parts Melted . | . . . Heat Transferred 481 | . . 481 Parts Sabotaged . | . . . Parts Stolen . | . . . Parts Stripped . | . . . Power Chain Reactions . | . . . Missiles Intercepted . | . . . Alert | -11 -10 -10 ------- Run | Jun Mat Min Peak Influence 20 | . 15 20 Initial 4 | . . 4 Average 2 | . . 3 Maximum Alert Level . | . . . Low Security (%) 100 | 100 100 100 Level 1 . | . . . Level 2 . | . . . Level 3 . | . . . Level 4 . | . . . Level 5 . | . . . High Security . | . . . Max Security . | . . . Squads Dispatched 3 | . 2 1 Investigation 3 | . 2 1 Extermination . | . . . Reinforcement . | . . . Assault . | . . . Garrison . | . . . Intercept . | . . . Searches Triggered . | . . . Construction Impeded . | . . . Haulers Reinforced . | . . . Active Scanning Responses . | . . . Cargo Convoy Interrupts . | . . . Stealth | -11 -10 -10 --------- Run | Jun Mat Min Distress Signals . | . . . Communications Jammed . | . . . Distress Signals . | . . . Times Spotted 15 | . 4 11 Peak Tracking Total 6 | . 6 4 Tactical Retreats . | . . . Traps | -11 -10 -10 ------- Run | Jun Mat Min Traps Triggered 1 | . 1 . Indirectly . | . . . Trap Hack Attempts . | . . . Triggered . | . . . Disarmed . | . . . Reprogrammed . | . . . Reused . | . . . Traps Extracted . | . . . Installed . | . . . Triggered . | . . . Machines | -11 -10 -10 ---------- Run | Jun Mat Min Machines Disabled . | . . . Max in Single Turn . | . . . Machines Repaired . | . . . Machines Sabotaged . | . . . Overloaded Fab Kills . | . . . Hacking | -11 -10 -10 --------- Run | Jun Mat Min Machines Accessed 2 | . 1 1 Terminals 2 | . 1 1 Fabricators . | . . . Repair Stations . | . . . Recycling Units . | . . . Scanalyzers . | . . . Garrison Access . | . . . Total Hacks 4 | . 2 2 Successful . | . . . Failed 4 | . 2 2 Catastrophic 2 | . 1 1 Database Lockouts . | . . . Manual . | . . . Terminals 4 | . 2 2 Fabricators . | . . . Repair Stations . | . . . Recycling Units . | . . . Scanalyzers . | . . . Garrison Access . | . . . Terminal Hacks . | . . . Fabricator Hacks . | . . . Repair Station Hacks . | . . . Recycling Unit Hacks . | . . . Scanalyzer . | . . . Garrison Access Hacks . | . . . Unauthorized Hacks . | . . . Terminals . | . . . Fabricators . | . . . Repair Stations . | . . . Recycling Units . | . . . Scanalyzers . | . . . Garrison Access . | . . . Data Cores Recovered . | . . . Used . | . . . Hacking Detections 2 | . 1 1 Full Trace Events 2 | . 1 1 Feedback Events . | . . . Feedback Blocked . | . . . Robot Schematics Acquired . | . . . Robots Built . | . . . Authchips . | . . . Time . | . . . Total Robot Build Rating . | . . . Part Schematics Acquired . | . . . Parts Built . | . . . Authchips . | . . . Time . | . . . Total Part Build Rating . | . . . Parts Repaired . | . . . Time . | . . . Parts Recycled . | . . . Recycled Matter . | . . . Retrieved Matter . | . . . Retrieved Components . | . . . Parts Scanalyzed . | . . . Part Schematics Acquired . | . . . Parts Damaged . | . . . Bothacking | -11 -10 -10 ------------ Run | Jun Mat Min Used RIF Installer . | . . . Robots Hacked . | . . . Non-combat . | . . . Combat . | . . . Robot Hacks Applied . | . . . Relay Couplers Released . | . . . Fabnet Peak Effective % . | . . . Robots Rewired . | . . . Allies Hacked . | . . . Hacks Repelled . | . . . Allies | -11 -10 -10 -------- Run | Jun Mat Min Total Allies . | . . . Largest Group . | . . . Highest-Rated Group . | . . . Highest-Rated Ally . | . . . Total Orders . | . . . Ally Attacks . | . . . Total Damage . | . . . Kills . | . . . Allies Corrupted . | . . . Allies Melted . | . . . Intel | -11 -10 -10 ------- Run | Jun Mat Min Robot Analysis Total . | . . . Derelict Logs Recovered 2 | . . 2 Drone Launches . | . . . Drone Recoveries . | . . . Exploration | -11 -10 -10 ------------- Run | Jun Mat Min Turns Passed 693 | 48 117 528 Spaces Moved 492 | 37 96 359 Core 43 | 11 . 32 Treads 5 | . . 5 Legs 444 | 26 96 322 Wheels . | . . . Hover . | . . . Flight . | . . . Fastest Speed 50 | 50 120 100 Average Speed 120 | 101 120 122 Slowest Speed 200 | 120 120 200 Overloaded Moves . | . . . Propulsion Burnouts . | . . . Robots Hopped . | . . . Cave-ins Triggered . | . . . Exploration Rate (%) 25 | 3 17 56 Regions Visited 2 Branch Regions 1 Pre-discovered Areas . | . . . Known Exits Taken . | . . . Unknown Exits Taken 2 | 1 1 . Scrap Searched . | . . . Spaces Dug . | . . . Terrain Destroyed . | . . . Melee . | . . . Projectile . | . . . AOE . | . . . Terrain Rammed . | . . . Walls Destroyed . | . . . Machines Disabled . | . . . Actions | -11 -10 -10 --------- Run | Jun Mat Min Total 542 | 44 97 401 Wait 2 | . . 2 Move 491 | 36 96 359 Hop . | . . . Pick Up 4 | 2 . 2 Fast Attach 10 | 5 . 5 Attach 4 | 1 . 3 Detach . | . . . Swap . | . . . Drop 2 | . . 2 Fire 20 | . . 20 Melee 7 | . . 7 Ram . | . . . Kick 2 | . 1 1 Crush . | . . . Escape Stasis . | . . . Rewire . | . . . Trap . | . . . Miscellaneous . | . . . Route ------- -11/Junkyard -10/Materials -10/Mines History --------- Turn | Location | Event 11 | -11/Junkyard | Discovered new exit (range 16) 49 | -11/Junkyard | Entered Materials 145 | -10/Materials | Discovered new exit (range 10) 166 | -10/Materials | Entered Mines 188 | -10/Mines | Assembled infested the area 193 | -10/Mines | Assisted by a Guerilla fighting off Assembled 296 | -10/Mines | A weapon hastily lodged in a ceiling crevice suddenly fell to the ground 316 | -10/Mines | Build established: Mutant 429 | -10/Mines | Learned location of 1 exit from Materials 464 | -10/Mines | Found a damaged Exp. Sensor Array with a note attached 466 | -10/Mines | Found Prototype Device 466 | -10/Mines | Identified Exp. Sensor Array 609 | -10/Mines | Lost 3 parts (1p1n1w) 612 | -10/Mines | Learned Materials stockpile data 631 | -10/Mines | Core integrity fell below 50% 654 | -10/Mines | Core integrity fell below 20% 655 | -10/Mines | Joined a pair of Derelicts in attacking an 0b10 outpost 680 | -10/Mines | Lost 4 parts (1n1u2w) 694 | -10/Mines | Destroyed by Y-45 Defender with Beam Rifle Last Messages --------------- strike. Need some help?" 00655_ Y-45 Defender destroyed. 00657_ Machine disabled. 00658_ 5R-NGO(g) suffers critical hit (Burn). 00659_ 5R-NGO(g) heat spikes uncontrollably. 00659_ G-47 Trooper suffers critical hit (Burn). 00659_ 5R-NGO(g) overheating. 00663_ Acquired Targeting Computer. 00664_ 5R-NGO(g) suffers critical hit (Burn). 00664_ 5R-NGO(g) destroyed. 00666_ Acquired Lgt. Treads. 00670_ Machine disabled. 00671_ Dropped Sml. Storage Unit. 00673_ Acquired Lgt. Armor Plating. 00678_ Acquired Lgt. Cannon. 00679_ Critical hit (Burn: +37). 00681_ G-34 Mercenary destroyed. 00681_ Door malfunctions. 00691_ DJB>VWMLUT>B62GT6%HQ 00691_ Critical hit (Burn: +37). Map ----- +----------------------------------------------------+ | ?????#???# ???############ | | ????# ## #### ## | | ????# | | ????# | | ?????######### ##### | | ?????????????# ##???## | | ?????????????## #?????#### | | ??????????????####????????# | | ?????????????????##########% | | ?????????????????# | | ?????????????????# | | ?????????????????# ######## | | ?????????????????# #??????# | | ?????????????????# #?????## | | ????????????????## ##????# | | ?????????######## ##??## | | ?????????# #### | | ??????????# | | ????????????# | | ???????????## ##### | | ??????????## #???### | | ?????????## ### #?????? | | ??######## ##?# ???? | | ?##"%## ##??#### """? | | ?#" =!# ##??????? """? | | ?#[@! /%* [ ##???????? ? | | ?#! %%/* =%= ###?????? | | ?#% %#%= * #??????? | | ?## Y## #???????### | | ??#### #?????????? | | ?????## ##?????????? | | ??????## ###??????????? | | ???????## ####????????????? | | ????????####???????????????? | | ???????????????????????????? | | ???????????????????????????? | | | | | | | | | | | | | | | | | | | | | | | | | | | | | +----------------------------------------------------+ Best States ------------- Heat Dissipation 25 Energy Generation 10 Energy Capacity 125 Matter Stores 264 Matter Capacity 350 Sight Range 16 Robot Scan Range 20 Terrain Scan Density 10 Armor Coverage 150 Resistance: KI 20 Resistance: TH 20 Resistance: EX 20 Resistance: EM 20 Resistance: I 20 Resistance: S 20 Resistance: P 20 Evasion (%) 55 Targeting Accuracy 5 Recoil Reduction 1 Offensive Hacking 10 Item Schematics ----------------- None Robot Schematics ------------------ None Fabricated ------------ Nothing Alien Tech Used ----------------- None Achievements -------------- None Challenges ------------ None Game ------ Seed AluminumCloakingFlail Manual? 0 Play Time 00:07:56 Cumulative 9.4 hours Start 2023.07.02 @ 20:16:09 End 2023.07.02 @ 20:22:26 Sessions 1 Manual Loads 0 Difficulty Adventurer Special Mode None Game No. 8 Rogue 0 Adventurer 8 Explorer 0 Win Type - Total 0 Types 0/0/0/0/0/0/0/0/0 Lore% 13 Gallery% 13 Achievement% 16 Wizard Run 0 Options --------- ASCII 0 Keyboard 0 Movement Arrows Keybinds 0 Fullscreen 1 Font 18/SmallcapsGlow Map View 76x50 Tactical HUD 1 Map Filters NONE Filters NONE Steam 1 RUN: 48525424-6f47-4fe6-a606-2482c278dde1